 Dungeon Crawl Stone Soup version 0.29.0-15-g675c0067aa (webtiles) character file.

Game seed: 9827168357216577191

9162 qw the Severer (level 11, -6/97 HPs)
             Began as a Minotaur Berserker on Sept 12, 2022.
             Was an Elder of Trog.
             Shot with an arrow by a centaur (10 damage)
             ... on level 10 of the Dungeon.
             The game lasted 00:03:32 (13721 turns).

qw the Severer (Minotaur Berserker)                Turns: 13721, Time: 00:03:33

Health: -6/97      AC: 21    Str: 30    XL:     11   Next: 19%
Magic:  10/10      EV: 12    Int:  3    God:    Trog [****..]
Gold:   428        SH:  7    Dex:  9    Spells: 10/10 levels left

rFire   . . .      SeeInvis .   Y - +3 war axe
rCold   . . .      Faith    .   o - +2 buckler
rNeg    . . .      Spirit   .   d - +0 plate armour
rPois   +          Reflect  .   b - +2 hat
rElec   .          Harm     .   e - +1 cloak
rCorr   .          Rampage  +   (no gloves)
Will    .....                   f - +2 pair of boots {rampage}
Stlth   ..........              (no amulet)
HPRegen 0.26/turn               c - ring of poison resistance
MPRegen 0.12/turn               s - +4 ring of evasion

@: no status effects
A: horns 2, retaliatory headbutt, claws 1, strong 1
a: Renounce Religion, Berserk, Trog's Hand, Brothers in Arms


You were on level 10 of the Dungeon.
You worshipped Trog.
Trog was greatly pleased with you.
You visited 1 branch of the dungeon, and saw 10 of its levels.

You collected 740 gold pieces.
You spent 312 gold pieces at shops.


Innate Abilities, Weirdness & Mutations

You have a pair of horns on your head.
You reflexively headbutt those who attack you in melee.
You have sharp fingernails.
Your muscles are strong. (Str +4, Int/Dex -1)


   Skills:
 - Level 9.2 Fighting
 - Level 16.0 Axes
 + Level 3.1 Throwing
 - Level 8.0 Armour
 - Level 3.2 Dodging
 - Level 5.5 Shields


You had 10 spell levels left.
You didn't know any spells.
Your spell library was empty.

Inventory:

Hand Weapons
 p - a +4 flail
 Y - a +3 war axe (weapon)
Missiles
 h - 4 silver javelins
 n - 2 boomerangs (quivered)
 t - a javelin
Armour
 b - a +2 hat (worn)
 d - a +0 plate armour (worn)
 e - a +1 cloak (worn)
 f - a +2 pair of boots of rampaging (worn)
 l - the +3 Mad Mage's Maulers {Infuse+∞ RegenMP Int-3}
   (You acquired it on level 8 of the Dungeon)

   It empowers its wearer's blows with all of their magic.
   It causes its wearer's magical reserves to regenerate more quickly.
   Int:       It affects your intelligence (-3).
 o - a +2 buckler (worn)
Jewellery
 c - a ring of poison resistance (left claw)
 m - a ring of fire
 s - a +4 ring of evasion (right claw)
Scrolls
 a - 7 scrolls of identify
 i - a scroll of teleportation
Potions
 g - a potion of haste
 j - 8 potions of curing
 k - 2 potions of might
 q - 3 potions of cancellation
 r - 2 potions of resistance
 u - 2 potions of ambrosia {unknown}

Dungeon Overview and Level Annotations

Branches:
Dungeon (10/15)            Temple (0/1) D:6
   Lair: D:8-11         Orc: D:9-12

Altars:
Ashenzari
Fedhas
Gozag
Okawaru
Ru
Vehumet
Xom
Zin
The Shining One

Shops:
D:3 [   D:6 **   D:8 (

Annotations:
D:3 1 runed translucent door, Crazy Yiuf
D:8 2 transporters


Message History

The centaur shoots an arrow.
The arrow closely misses you.
The centaur shoots an arrow.
The arrow hits you.
The centaur shoots an arrow.
You block the arrow.
The centaur shoots an arrow.
The arrow hits you but does no damage.
The centaur shoots an arrow.
The arrow closely misses you.
The centaur shoots an arrow.
The arrow hits you.
The centaur shoots an arrow.
You block the arrow.
The centaur shoots an arrow.
The arrow hits you.
The centaur shoots an arrow.
The arrow hits you but does no damage.
The centaur shoots an arrow.
You block the arrow.
The centaur shoots an arrow.
The arrow hits you.
The centaur shoots an arrow.
The arrow hits you!
The centaur shoots an arrow.
The arrow barely misses you.
The centaur shoots an arrow.
The arrow misses you.
The centaur shoots an arrow.
You block the arrow.
The centaur shoots an arrow.
The arrow hits you but does no damage.
The centaur shoots an arrow.
The arrow barely misses you.
13718 ||| READING 2 scrolls of teleportation.
As you read the scroll of teleportation, it crumbles to dust.
You feel strangely unstable.
The centaur shoots an arrow.
The arrow hits you but does no damage.
The centaur shoots an arrow.
The arrow closely misses you.
The centaur shoots an arrow.
The arrow misses you.
The centaur shoots an arrow.
The arrow hits you.
The centaur shoots an arrow.
The arrow hits you! The arrow freezes you.
The centaur shoots an arrow.
The arrow hits you but does no damage.
The centaur shoots an arrow.
You block the arrow.
The centaur shoots an arrow.
The arrow hits you but does no damage.
The centaur shoots an arrow.
You block the arrow.
The centaur shoots an arrow.
You block the arrow.
The centaur shoots an arrow.
The arrow hits you.
The centaur shoots an arrow.
The arrow barely misses you.
The centaur shoots an arrow.
The arrow hits you but does no damage.
The centaur shoots an arrow.
The arrow hits you but does no damage.
The centaur shoots an arrow.
The arrow hits you.
Your surroundings seem slightly different.
The centaur shoots an arrow.
The arrow barely misses you.
The centaur shoots an arrow.
The arrow misses you.
The centaur shoots an arrow.
You block the arrow.
The centaur shoots an arrow.
The arrow barely misses you.
13721 ||| FLEEEEING.
The centaur shoots an arrow.
You block the arrow.
The centaur shoots an arrow.
The arrow hits you.
The centaur shoots an arrow.
The arrow hits you!
You die...

#...## ####.. ###..# ###..# ##.#
#..... #######'### ##########
#..... #.........#
#........#####..... #....(....#
#........##..'..... +.........#
#........##.##.....
#.........###........'..##.....
#.........+.#.@......##.##.....
#.........#.'.....~~~~#.#######
#.........###¤.~~~~~~~~.# #
###'########~~~~~~~~~~~~~~~ #
#...# #~~~~~~~~~~~~~~~~~~~ #
###'##~~~~~~~~cc~~~~~~~~~~ ~
#####.....~~~~~~ccc...~~~~~~~~ ~~
....'.....~~~~~c.......~~~~~~~~~~
#####....#~~~~~...#'#..~~~~ ~~~~


You could see 6 centaurs.

Vanquished Creatures
  A hydra (D:6)
  Pikel (D:8)
  Maurice (D:8)
  Grinder (D:3)
  2 trolls (D:9)
  Prince Ribbit (D:6)
  2 hornets
  A vampire (D:9)
  13 yaks
  2 wyverns
  3 hogs (D:7)
  A human (D:7)
  2 steam dragons (D:8)
  Menkaure (D:4)
  An acid dragon (D:6)
  2 water moccasins
  Duvessa (D:6)
  An orc warrior (D:8)
  A black bear (D:8)
  2 ogres
  4 centaurs
  3 phantoms (D:5)
  2 kobold brigands
  Blork the orc (D:6)
  A necrophage (D:7)
  2 bullfrogs (D:7)
  10 wights
  Dowan (D:6)
  6 killer bees (D:8)
  3 howler monkeys (D:8)
  2 hounds
  4 orc priests
  2 iguanas
  Natasha (thrice) (D:3)
  A gnoll bouda (D:8)
  Ijyb (D:5)
  3 orc wizards
  13 gnolls
  3 adders (D:3)
  A shadow imp (D:8)
  3 white imps
  4 ufetubi
  6 worms
  A dart slug (D:4)
  15 orcs
  5 ball pythons
  7 bats
  8 endoplasms
  5 giant cockroaches
  7 goblins
  A hobgoblin (D:2)
  8 jackals
  11 kobolds
  5 quokkas
  7 frilled lizards
  4 goblin skeletons (D:3)
  A goblin zombie (D:3)
  3 hobgoblin zombies (D:3)
  2 kobold zombies (D:3)
  2 orc skeletons (D:3)
  An orc zombie (D:3)
  7 rats
219 creatures vanquished.

Notes
Turn   | Place    | Note
-------+----------+-------------------------------------------
     0 | D:1      | qw the Minotaur Berserker began the quest for the Orb.
     0 | D:1      | Reached XP level 1. HP: 19/19 MP: 0/0
     0 | D:1      | 0 ||| qw: Version: 0.1-a-119-g272c26d
     0 | D:1      | 0 ||| qw: Game counter: 10875
     0 | D:1      | 0 ||| qw: Always use a shield: true
     0 | D:1      | 0 ||| qw: Do Orc after D:15 true
     0 | D:1      | 0 ||| qw: Do second Lair branch before Depths: true
     0 | D:1      | 0 ||| qw: Lair rune preference: random
     0 | D:1      | 0 ||| qw: Plans: Normal
     0 | D:1      | 0 ||| PLANNING D:1-11
   125 | D:1      | Reached skill level 4 in Axes
   288 | D:1      | Reached XP level 2. HP: 26/26 MP: 1/1
   310 | D:1      | 310 ||| Stepping ~*~*~tactically~*~*~ (stealth).
   815 | D:1      | Reached skill level 5 in Axes
   967 | D:1      | 967 ||| UPGRADING to +0 plate armour.
   977 | D:1      | 977 ||| DROPPING +0 animal skin.
   978 | D:1      | 978 ||| UPGRADING to +2 pair of boots of rampaging.
   983 | D:1      | 983 ||| UPGRADING to ring of poison resistance.
   984 | D:1      | 984 ||| READING 2 scrolls labelled HECARI RAE.
  1026 | D:2      | 1026 ||| INVOKING Berserk.
  1028 | D:2      | Reached XP level 3. HP: 31/31 MP: 2/2
  1153 | D:2      | Found a shimmering altar of Xom.
  1160 | D:2      | Reached ** piety under Trog
  1253 | D:2      | 1253 ||| INVOKING Berserk.
  1402 | D:2      | 1402 ||| Stepping ~*~*~tactically~*~*~ (stealth).
  1434 | D:2      | Found a faded altar of an unknown god.
  1694 | D:2      | 1694 ||| READING scroll labelled QEGIED LEYSU.
  1695 | D:2      | 1695 ||| READING scroll labelled KIBAN ESHRUACE.
  1696 | D:2      | 1696 ||| DRINKING 2 white potions.
  1697 | D:2      | 1697 ||| READING 2 scrolls of identify.
  1697 | D:2      | 1697 ||| IDENTIFYING pink potion
  1707 | D:3      | 1707 ||| INVOKING Berserk.
  1712 | D:3      | Reached skill level 6 in Axes
  1712 | D:3      | Reached XP level 4. HP: 39/39 MP: 3/3
  1835 | D:3      | Found a blossoming altar of Fedhas.
  1865 | D:3      | 1865 ||| INVOKING Berserk.
  1872 | D:3      | Reached XP level 5. HP: 25/45 MP: 4/4
  1874 | D:3      | Reached skill level 7 in Axes
  2085 | D:3      | 2085 ||| DROPPING +0 club.
  2105 | D:3      | 2105 ||| INVOKING Berserk.
  2106 | D:3      | 2106 ||| INVOKING Berserk.
  2109 | D:3      | Reached skill level 3 in Armour
  2229 | D:3      | 2229 ||| DROPPING +0 whip.
  2346 | D:3      | Noticed Grinder
  2349 | D:3      | 2349 ||| INVOKING Trog's Hand.
  2350 | D:3      | 2350 ||| Stepping ~*~*~tactically~*~*~ (hiding).
  2353 | D:3      | 2353 ||| INVOKING Berserk.
  2360 | D:3      | Killed Grinder
  2361 | D:3      | Reached skill level 6 in Fighting
  2361 | D:3      | Reached XP level 6. HP: 57/57 MP: 5/5
  2480 | D:3      | 2480 ||| INVOKING Berserk.
  2663 | D:3      | Found a runed translucent door.
  2664 | D:3      | Noticed Crazy Yiuf
  2753 | D:3      | Noticed Natasha
  2756 | D:3      | 2756 ||| INVOKING Berserk.
  2758 | D:3      | Killed Natasha
  2759 | D:3      | Reached skill level 1 in Throwing
  2850 | D:3      | Noticed Natasha
  2853 | D:3      | 2853 ||| INVOKING Berserk.
  2855 | D:3      | Killed Natasha
  2856 | D:3      | Reached XP level 7. HP: 63/63 MP: 6/6
  3016 | D:3      | 3016 ||| Stepping ~*~*~tactically~*~*~ (stealth).
  3019 | D:3      | 3019 ||| Stepping ~*~*~tactically~*~*~ (stealth).
  3029 | D:3      | 3029 ||| Stepping ~*~*~tactically~*~*~ (stealth).
  3039 | D:3      | Reached *** piety under Trog
  3041 | D:3      | 3041 ||| Stepping ~*~*~tactically~*~*~ (hiding).
  3086 | D:3      | Found a glowing golden altar of the Shining One.
  3089 | D:3      | 3089 ||| Stepping ~*~*~tactically~*~*~ (stealth).
  3114 | D:3      | Found Afyr's Armour Shoppe.
  3141 | D:3      | 3141 ||| SHOPLISTING +3 hat of Pondering {ponderous, Will+
                  | MP+10 Int+5} (495 gold, have 341).
  3141 | D:3      | 3141 ||| SHOPLISTING +5 chain mail "Caddiah" {Dex+3} (556
                  | gold, have 341).
  3298 | D:3      | Noticed Natasha
  3299 | D:3      | 3299 ||| FLEEEEING.
  3300 | D:3      | 3300 ||| FLEEEEING.
  3301 | D:3      | 3301 ||| FLEEEEING.
  3312 | D:3      | 3312 ||| FLEEEEING.
  3325 | D:3      | 3325 ||| INVOKING Berserk.
  3330 | D:3      | Killed Natasha
  3482 | D:3      | 3482 ||| UPGRADING to +2 hat.
  3487 | D:3      | 3487 ||| READING scroll labelled ORYMIM TICHEA.
  3488 | D:3      | 3488 ||| READING scroll labelled ETOUMU GAOJ.
  3489 | D:3      | 3489 ||| READING scroll labelled HIUSUELAZA.
  3490 | D:3      | 3490 ||| DRINKING 2 bubbling ruby potions.
  3491 | D:3      | 3491 ||| DROPPING potion of degeneration.
  3580 | D:4      | Reached skill level 8 in Axes
  3629 | D:4      | 3629 ||| DROPPING +2 whip of venom.
  3642 | D:4      | Found an opulent altar of Gozag.
  3702 | D:4      | 3702 ||| READING scroll of enchant weapon.
  3702 | D:4      | 3702 ||| ENCHANTING +1 hand axe.
  3801 | D:4      | Noticed Menkaure
  3802 | D:4      | 3802 ||| INVOKING Berserk.
  3803 | D:4      | Killed Menkaure
  4014 | D:4      | 4014 ||| Stepping ~*~*~tactically~*~*~ (stealth).
  4017 | D:4      | 4017 ||| INVOKING Berserk.
  4021 | D:4      | Reached skill level 9 in Axes
  4146 | D:4      | 4146 ||| Stepping ~*~*~tactically~*~*~ (hiding).
  4147 | D:4      | 4147 ||| Stepping ~*~*~tactically~*~*~ (hiding).
  4683 | D:4      | 4683 ||| READING scroll labelled QITINO ALEIT.
  4688 | D:4      | 4688 ||| READING 3 scrolls of identify.
  4688 | D:4      | 4688 ||| IDENTIFYING puce potion
  4689 | D:4      | 4689 ||| READING 2 scrolls of identify.
  4689 | D:4      | 4689 ||| IDENTIFYING cyan potion
  4721 | D:5      | Entered Level 5 of the Dungeon
  5032 | D:5      | 5032 ||| Stepping ~*~*~tactically~*~*~ (stealth).
  5047 | D:5      | Reached XP level 8. HP: 70/70 MP: 7/7
  5073 | D:5      | Reached skill level 10 in Axes
  5163 | D:5      | Noticed Ijyb
  5165 | D:5      | 5165 ||| INVOKING Berserk.
  5168 | D:5      | Killed Ijyb
  5450 | D:5      | 5450 ||| READING scroll labelled KACOPEU FUMEZI.
  5451 | D:5      | 5451 ||| READING 4 scrolls of identify.
  5451 | D:5      | 5451 ||| IDENTIFYING viscous brown potion
  5452 | D:5      | 5452 ||| READING 3 scrolls of identify.
  5452 | D:5      | 5452 ||| IDENTIFYING fizzy yellow potion
  5453 | D:5      | 5453 ||| READING 2 scrolls of identify.
  5453 | D:5      | 5453 ||| IDENTIFYING inky potion
  5454 | D:5      | 5454 ||| DROPPING potion of attraction.
  5484 | D:6      | Noticed Prince Ribbit
  5487 | D:6      | 5487 ||| INVOKING Berserk.
  5489 | D:6      | Killed Prince Ribbit
  5497 | D:6      | Reached skill level 11 in Axes
  5640 | D:6      | Found Bigol's General Store.
  5652 | D:6      | 5652 ||| BUYING potion of curing (33 gold).
  5652 | D:6      | Bought a potion of curing for 33 gold pieces
  5652 | D:6      | 5652 ||| BUYING scroll of enchant weapon (82 gold).
  5652 | D:6      | Bought a scroll of enchant weapon for 82 gold pieces
  5652 | D:6      | 5652 ||| BUYING scroll of identify (22 gold).
  5652 | D:6      | Bought a scroll of identify for 22 gold pieces
  5652 | D:6      | 5652 ||| READING scroll of enchant weapon.
  5652 | D:6      | 5652 ||| ENCHANTING +2 hand axe.
  5662 | D:6      | Found Vuejyvac's General Store.
  5663 | D:6      | Noticed Blork the orc
  5664 | D:6      | 5664 ||| Stepping ~*~*~tactically~*~*~ (hiding).
  5665 | D:6      | 5665 ||| Stepping ~*~*~tactically~*~*~ (hiding).
  5672 | D:6      | 5672 ||| INVOKING Berserk.
  5676 | D:6      | Killed Blork the orc
  5805 | D:6      | 5805 ||| BUYING +0 war axe (38 gold).
  5805 | D:6      | Bought a +0 war axe for 38 gold pieces
  5805 | D:6      | 5805 ||| BUYING potion of curing (33 gold).
  5805 | D:6      | Bought a potion of curing for 33 gold pieces
  5805 | D:6      | 5805 ||| BUYING scroll of enchant weapon (82 gold).
  5805 | D:6      | Bought a scroll of enchant weapon for 82 gold pieces
  5805 | D:6      | 5805 ||| BUYING scroll of identify (22 gold).
  5805 | D:6      | Bought a scroll of identify for 22 gold pieces
  5805 | D:6      | 5805 ||| SWAPPING to +0 war axe.
  5806 | D:6      | 5806 ||| DROPPING +3 hand axe.
  5807 | D:6      | 5807 ||| READING scroll of enchant weapon.
  5807 | D:6      | 5807 ||| ENCHANTING +0 war axe.
  5817 | D:6      | Noticed Dowan
  5818 | D:6      | Noticed Duvessa
  5819 | D:6      | 5819 ||| INVOKING Berserk.
  5820 | D:6      | Killed Dowan
  5827 | D:6      | Killed Duvessa
  5994 | D:6      | Reached **** piety under Trog
  6101 | D:6      | 6101 ||| DROPPING +0 flail.
  6125 | D:6      | 6125 ||| Stepping ~*~*~tactically~*~*~ (hiding).
  6135 | D:6      | Reached skill level 12 in Axes
  6158 | D:6      | Noticed an eight-headed hydra
  6159 | D:6      | 6159 ||| INVOKING Brothers in Arms.
  6161 | D:6      | 6161 ||| SWAPPING to +4 flail.
  6162 | D:6      | 6162 ||| INVOKING Berserk.
  6165 | D:6      | Killed an eight-headed hydra
  6166 | D:6      | Reached XP level 9. HP: 82/82 MP: 8/8
  6169 | D:6      | 6169 ||| SWAPPING to +1 war axe.
  6272 | D:6      | Found a staircase to the Ecumenical Temple.
  6592 | D:6      | 6592 ||| READING scroll labelled TEM MIUSE CAE.
  6593 | D:6      | 6593 ||| DRINKING 2 fizzy inky potions.
  6593 | D:6      | Gained mutation: Your flesh is cold resistant. (rC+)
                  | [potion of mutation]
  6593 | D:6      | Gained mutation: Your spells are a little harder to cast,
                  | but a little more powerful. [potion of mutation]
  6593 | D:6      | Gained mutation: You are frail. (-10% HP) [potion of
                  | mutation]
  6594 | D:6      | 6594 ||| DRINKING potion of mutation.
  6594 | D:6      | Lost mutation: You are frail. (-10% HP) [potion of
                  | mutation]
  6594 | D:6      | Lost mutation: Your flesh is cold resistant. (rC+) [potion
                  | of mutation]
  6594 | D:6      | Lost mutation: Your spells are a little harder to cast, but
                  | a little more powerful. [potion of mutation]
  6594 | D:6      | Gained mutation: Your muscles are strong. (Str +4, Int/Dex
                  | -1) [potion of mutation]
  6594 | D:6      | Gained mutation: You have sharp fingernails. [potion of
                  | mutation]
  6631 | D:6      | 6631 ||| READING 4 scrolls of identify.
  6631 | D:6      | 6631 ||| IDENTIFYING clear potion
  6632 | D:6      | 6632 ||| DROPPING potion of brilliance.
  6891 | D:7      | 6891 ||| Stepping ~*~*~tactically~*~*~ (stealth).
  6984 | D:7      | Reached skill level 13 in Axes
  7005 | D:7      | 7005 ||| Stepping ~*~*~tactically~*~*~ (stealth).
  7121 | D:7      | Found a sacrificial altar of Ru.
  7131 | D:7      | 7131 ||| INVOKING Berserk.
  7134 | D:7      | Reached skill level 6 in Armour
  7358 | D:7      | Reached skill level 14 in Axes
  7543 | D:7      | 7543 ||| READING scroll of enchant weapon.
  7543 | D:7      | 7543 ||| ENCHANTING +1 war axe.
  7589 | D:7      | You fall into a shaft and drop 1 floor!
  7598 | D:8      | 7598 ||| READING scroll of enchant weapon.
  7598 | D:8      | 7598 ||| ENCHANTING +2 war axe.
  7633 | D:8      | Reached XP level 10. HP: 77/89 MP: 9/9
  7711 | D:8      | 7711 ||| DROPPING ring of magical power.
  7712 | D:8      | 7712 ||| UPGRADING to +4 ring of evasion.
  7713 | D:8      | 7713 ||| DRINKING 2 metallic clear potions.
  7743 | D:8      | 7743 ||| READING 4 scrolls of identify.
  7743 | D:8      | 7743 ||| IDENTIFYING fizzy pink potion
  7744 | D:8      | 7744 ||| DROPPING potion of invisibility.
  7745 | D:8      | 7745 ||| DROPPING potion of lignification.
  7968 | D:8      | 7968 ||| Stepping ~*~*~tactically~*~*~ (hiding).
  8047 | D:8      | Noticed Pikel
  8058 | D:8      | Killed Pikel
  8096 | D:8      | 8096 ||| INVOKING Berserk.
  8101 | D:8      | Reached skill level 15 in Axes
  8106 | D:8      | Noticed Maurice
  8125 | D:8      | Killed Maurice
  8126 | D:8      | Reached skill level 9 in Fighting
  8400 | D:8      | 8400 ||| INVOKING Berserk.
  8563 | D:8      | Found a transporter.
  8592 | D:8      | 8592 ||| Stepping ~*~*~tactically~*~*~ (hiding).
  8594 | D:8      | 8594 ||| Stepping ~*~*~tactically~*~*~ (hiding).
  8596 | D:8      | 8596 ||| Stepping ~*~*~tactically~*~*~ (hiding).
  8729 | D:8      | Found a radiant altar of Vehumet.
  8763 | D:8      | 8763 ||| Stepping ~*~*~tactically~*~*~ (hiding).
  8764 | D:8      | Paralysed by a hornet for 3 turns
  8769 | D:8      | Reached skill level 3 in Throwing
  8770 | D:8      | Reached skill level 3 in Dodging
  8860 | D:8      | 8860 ||| Stepping ~*~*~tactically~*~*~ (hiding).
  8864 | D:8      | 8864 ||| INVOKING Berserk.
  9012 | D:8      | Found Oneaxtypn's Weapon Shoppe.
  9092 | D:8      | 9092 ||| Stepping ~*~*~tactically~*~*~ (stealth).
  9098 | D:8      | 9098 ||| Stepping ~*~*~tactically~*~*~ (stealth).
  9102 | D:8      | 9102 ||| Stepping ~*~*~tactically~*~*~ (stealth).
  9106 | D:8      | 9106 ||| Stepping ~*~*~tactically~*~*~ (stealth).
  9107 | D:8      | 9107 ||| Stepping ~*~*~tactically~*~*~ (stealth).
  9118 | D:8      | Found a transporter.
  9119 | D:8      | 9119 ||| UPGRADING to +0 cloak.
  9124 | D:8      | 9124 ||| UPGRADING to +2 buckler.
  9129 | D:8      | 9129 ||| READING scroll labelled IMPUOPPA MOERI.
  9129 | D:8      | Identified a scroll of acquirement
  9129 | D:8      | 9129 ||| ACQUIRING +3 Mad Mage's Maulers {Infuse+∞ RegenMP
                  | Int-3}
  9129 | D:8      | Acquired the +3 Mad Mage's Maulers {Infuse+∞ RegenMP Int-3}
  9129 | D:8      | Found the +3 Mad Mage's Maulers {Infuse+∞ RegenMP Int-3}
  9148 | D:9      | Reached skill level 1 in Shields
  9154 | D:9      | Reached skill level 3 in Shields
  9156 | D:9      | 9156 ||| INVOKING Berserk.
  9400 | D:9      | Reached XP level 11. HP: 96/97 MP: 10/10
  9456 | D:9      | Found an iron altar of Okawaru.
  9572 | D:9      | 9572 ||| READING scroll of enchant armour.
  9572 | D:9      | 9572 ||| ENCHANTING +0 cloak.
  9648 | D:9      | Found a glowing silver altar of Zin.
  9659 | D:9      | 9659 ||| FLEEEEING.
  9672 | D:9      | 9672 ||| FLEEEEING.
  9744 | D:9      | 9744 ||| FLEEEEING.
  9747 | D:9      | 9747 ||| FLEEEEING.
  9751 | D:9      | 9751 ||| DRINKING 9 potions of curing.
  9751 | D:9      | 9751 ||| (to cure confusion)
  9753 | D:9      | Reached ***** piety under Trog
  9754 | D:9      | 9754 ||| Stepping ~*~*~tactically~*~*~ (hiding).
  9777 | D:9      | 9777 ||| Stepping ~*~*~tactically~*~*~ (stealth).
  9779 | D:9      | 9779 ||| INVOKING Berserk.
  9782 | D:9      | Reached skill level 16 in Axes
 10076 | D:9      | 10076 ||| READING scroll labelled JOXTUTI YDDO.
 10077 | D:9      | 10077 ||| READING 8 scrolls of identify.
 10077 | D:9      | 10077 ||| IDENTIFYING bubbling silvery potion
 10078 | D:9      | 10078 ||| DROPPING potion of flight.
 10184 | D:10     | Entered Level 10 of the Dungeon
 10191 | D:10     | 10191 ||| FLEEEEING.
 10192 | D:10     | 10192 ||| FLEEEEING.
 10193 | D:10     | 10193 ||| STAIRDANCE
 10402 | D:10     | 10402 ||| STAIRDANCE
 10404 | D:9      | 10404 ||| INVOKING Berserk.
 10606 | D:10     | 10606 ||| FLEEEEING.
 10607 | D:10     | 10607 ||| FLEEEEING.
 10608 | D:10     | 10608 ||| STAIRDANCE
 10754 | D:10     | 10754 ||| STAIRDANCE
 10848 | D:10     | 10848 ||| FLEEEEING.
 10849 | D:10     | 10849 ||| STAIRDANCE
 11083 | D:10     | 11083 ||| STAIRDANCE
 11199 | D:10     | 11199 ||| STAIRDANCE
 11250 | D:10     | 11250 ||| STAIRDANCE
 11330 | D:10     | 11330 ||| STAIRDANCE
 11455 | D:10     | 11455 ||| FLEEEEING.
 11456 | D:10     | 11456 ||| STAIRDANCE
 11622 | D:10     | 11622 ||| STAIRDANCE
 11762 | D:10     | 11762 ||| STAIRDANCE
 11839 | D:10     | 11839 ||| STAIRDANCE
 11967 | D:10     | 11967 ||| FLEEEEING.
 11968 | D:10     | 11968 ||| FLEEEEING.
 11969 | D:10     | 11969 ||| STAIRDANCE
 12101 | D:10     | 12101 ||| STAIRDANCE
 12162 | D:10     | 12162 ||| STAIRDANCE
 12201 | D:10     | 12201 ||| FLEEEEING.
 12202 | D:10     | 12202 ||| STAIRDANCE
 12298 | D:10     | 12298 ||| STAIRDANCE
 12381 | D:10     | 12381 ||| STAIRDANCE
 12496 | D:10     | 12496 ||| STAIRDANCE
 12588 | D:10     | 12588 ||| FLEEEEING.
 12595 | D:10     | HP: 22/97 [centaur/arrow (3)]
 12596 | D:10     | 12596 ||| READING 6 scrolls of teleportation.
 12596 | D:10     | HP: 7/97 [centaur/arrow (11)]
 12597 | D:10     | 12597 ||| DRINKING 2 potions of heal wounds.
 12598 | D:10     | 12598 ||| DRINKING potion of heal wounds.
 12939 | D:10     | HP: 21/97 [centaur/arrow (8)]
 12940 | D:10     | 12940 ||| READING 5 scrolls of teleportation.
 12940 | D:10     | HP: 9/97 [centaur/arrow (5)]
 13352 | D:10     | HP: 16/97 [centaur/arrow (10)]
 13353 | D:10     | 13353 ||| READING 4 scrolls of teleportation.
 13356 | D:10     | Found a broken altar of Ashenzari.
 13357 | D:10     | 13357 ||| Stepping ~*~*~tactically~*~*~ (hiding).
 13357 | D:10     | HP: 7/97 [orc/+0 whip (2)]
 13358 | D:10     | 13358 ||| READING 3 scrolls of teleportation.
 13359 | D:10     | 13359 ||| INVOKING Berserk.
 13706 | D:10     | 13706 ||| FLEEEEING.
 13707 | D:10     | 13707 ||| FLEEEEING.
 13708 | D:10     | 13708 ||| FLEEEEING.
 13709 | D:10     | 13709 ||| FLEEEEING.
 13710 | D:10     | 13710 ||| FLEEEEING.
 13717 | D:10     | HP: 23/97 [centaur/arrow (7)]
 13718 | D:10     | 13718 ||| READING 2 scrolls of teleportation.
 13719 | D:10     | HP: 10/97 [centaur/arrow (2)]
 13721 | D:10     | 13721 ||| FLEEEEING.
 13721 | D:10     | HP: 4/97 [centaur/arrow (4)]
 13721 | D:10     | Shot with an arrow by a centaur

Levels and vault maps discovered:
D:1:      ncdulo_wetmaze, layout_loops_ring
D:2:      layout_rooms, basic_altar, shapermc_ecumenical_altar_pompeii,
          minmay_heptomino_d4
D:3:      layout_basic, lemuel_doored_altar, nicolae_tso_besieged_by_evil,
          serial_shops, shop_coins, uniq_grinder, uniq_natasha,
          uniq_crazy_yiuf_cottage
D:4:      layout_loops_corners, mainiacjoe_overflow_concentric_impassable,
          chequers_mini_garden, uniq_menkaure
D:5:      layout_basic, dreamdust_princess_corridor, uniq_ijyb
D:6:      layout_cave_pools, minmay_temple_entry_trees, serial_shops,
          nicolae_shop_crystal, shop_statue, minmay_small_thing,
          uniq_prince_ribbit1, uniq_blork_the_orc, uniq_duvessa
D:7:      layout_loops_cross, mainiacjoe_overflow_small_starburst,
          grunt_livestock
D:8:      minmay_angry_zag, layout_basic, mainiacjoe_overflow_tiny_flanked,
          serial_shops, nicolae_shop_bloodbath_and_beyond, nicolae_diode_stairs,
          uniq_pikel, uniq_maurice
D:9:      layout_rooms, nicolae_overflow_crystal_walls,
          mainiacjoe_overflow_six_doors_small
D:10:     layout_roguey, nicolae_ashenzari_panopticon, centaur_isle

Skill      XL: |  1  2  3  4  5  6  7  8  9 10 11 |
---------------+----------------------------------+-----
Axes           | 4 5 6 7 9 12 14 15 16 | 16.0
Armour         | 3 4 5 6 8 |  8.0
Fighting       | 6 8 9 |  9.2
Throwing       | 1 2 3 |  3.1
Dodging        | 3 |  3.2
Shields        | 5 |  5.5

Action                   |  1- 3 |  4- 6 |  7- 9 | 10-12 || total
-------------------------+-------+-------+-------+-------++-------
Melee: Hand axe          |    93 |    53 |   100 |       ||   246
       Headbutt          |    11 |    10 |    34 |    25 ||    80
       Punch             |     1 |       |     3 |     1 ||     5
       War axe           |       |       |    93 |   132 ||   225
       Flail             |       |       |     2 |       ||     2
Throw: Boomerang         |    11 |     6 |    16 |    24 ||    57
       Javelin           |       |     4 |    46 |     4 ||    54
Invok: Berserk           |     3 |     6 |     9 |     7 ||    25
       Trog's Hand       |       |     1 |       |       ||     1
       Brothers in Arms  |       |       |     1 |       ||     1
  Use: Scroll            |     4 |       |    17 |    10 ||    31
       Potion            |     1 |       |     3 |     4 ||     8
Armor: Animal skin       |     4 |       |       |       ||     4
       Plate armour      |    29 |    29 |    87 |   344 ||   489
Dodge: Dodged            |    34 |    15 |    39 |   325 ||   413
Block: Buckler           |       |       |       |   209 ||   209

Table legend:
 A = Non-vault XP
 B = Vault XP
 C = Vault XP percentage of total XP
 D = Non-vault monster count
 E = Vault monster count
 F = Vault count percentage of total count
                 A         B        C        D         E       F
            +---------+---------+-------+---------+---------+-------
      Total |    8260 |    4829 |  36.9 |     181 |      38 |  17.4
            +---------+---------+-------+---------+---------+-------
        D:1 |      38 |       0 |   0.0 |      23 |       0 |   0.0
        D:2 |      37 |      10 |  21.3 |      20 |       3 |  13.0
        D:3 |     381 |     361 |  48.7 |      33 |      16 |  32.7
        D:4 |     154 |     172 |  52.8 |      13 |       1 |   7.1
        D:5 |     394 |      36 |   8.4 |       9 |       1 |  10.0
        D:6 |     343 |    1584 |  82.2 |      12 |       6 |  33.3
        D:7 |    1147 |     954 |  45.4 |      17 |       5 |  22.7
        D:8 |    1493 |    1712 |  53.4 |      24 |       6 |  20.0
        D:9 |    4267 |       0 |   0.0 |      28 |       0 |   0.0
       D:10 |       6 |       0 |   0.0 |       2 |       0 |   0.0
            +---------+---------+-------+---------+---------+-------
